 Dungeon Crawl Stone Soup version 0.24-a0-618-ge4662a2d14 (webtiles) character file.

Game seed: 3512099331132953100, levelgen mode: deterministic

19802 Marnok the Blocker (level 12, -7/106 HPs)
             Began as a Minotaur Fighter on Sept 16, 2019.
             Mangled by a minotaur (11 damage)
             ... on level 13 of the Dungeon.
             The game lasted 00:55:06 (9566 turns).

Marnok the Blocker (Minotaur Fighter)               Turns: 9566, Time: 00:55:07

Health: -7/106     AC: 24    Str: 28    XL:     12   Next: 39%
Magic:  11/11      EV: 18    Int:  7    God:
Gold:   266        SH: 17    Dex: 10    Spells: 11/11 levels left

rFire    . . .     SeeInvis .   A - +0 spear (flame)
rCold    + + .     Gourm    .   c - +0 shield
rNeg     + + +     Faith    .   E - +7 ring mail of Moadesuf {+Inv}
rPois    .         Spirit   .   (helmet restricted)
rElec    +         Reflect  .   K - +3 cloak of Card Tricks {rElec MR+}
rCorr    .         Harm     .   u - +1 pair of gloves "Dapuluro" {*Corrode rC+ rN+++ MR+}
MR       ++...     Rnd*Tele +   e - +0 pair of boots
Stlth    +.........             I - amulet of regeneration
HPRegen  0.67/turn              r - +3 ring of evasion
MPRegen  0.12/turn              P - +1 ring of evasion

@: about to teleport
A: retaliatory headbutt, horns 2, icy blue scales 1, large bone plates 1, clever
1, cold resistance 1, strong 1, teleportitis 1
a: Evoke Invisibility


You were on level 13 of the Dungeon.
You were not hungry.

You visited 1 branch of the dungeon, and saw 13 of its levels.
You also visited: Gauntlet.

You collected 701 gold pieces.
You spent 435 gold pieces at shops.

Inventory:

Hand Weapons
 l - a +4 scimitar
 m - a +4 dagger
 A - a +0 spear of flaming (weapon)
 B - a +2 hand axe
 H - a +2 mace of crushing
Missiles
 M - 12 boomerangs (quivered)
Armour
 c - a +0 shield (worn)
 e - a +0 pair of boots (worn)
 q - a +2 leather armour of positive energy
 s - a +0 troll leather armour
 u - the +1 pair of gloves "Dapuluro" (worn) {*Corrode rC+ rN+++ MR+}
   (You found it in a Gauntlet)

   It protects you from cold.
   It renders you almost immune to negative energy.
   It affects your resistance to hostile enchantments.
   It may corrode you when you take damage.
 E - the +7 ring mail of Moadesuf (worn) {+Inv}
   (You found it on level 6 of the Dungeon)

   It lets you turn invisible.
 K - the +3 cloak of Card Tricks (worn) {rElec MR+}
   (You found it in a Gauntlet)

   It insulates you from electricity.
   It affects your resistance to hostile enchantments.
Jewellery
 d - a cursed amulet of inaccuracy {unknown}
 r - a +3 ring of evasion (left hand)
 y - an uncursed ring of flight
 G - a +2 ring of intelligence
 I - an amulet of regeneration (around neck)
 J - an uncursed ring of protection from cold
 P - a +1 ring of evasion (right hand)
Wands
 a - a wand of iceblast (6)
 o - a wand of random effects (31)
 C - a wand of digging (7)
 L - a wand of paralysis (7)
Scrolls
 h - 7 scrolls of remove curse
 i - a scroll of amnesia
 n - a scroll of fog
 p - 2 scrolls of enchant weapon
 t - 4 scrolls of teleportation
Potions
 g - 3 potions of ambrosia
 k - 2 potions of flight
 w - a potion of mutation
 z - 4 potions of curing
 D - a potion of resistance
 F - 2 potions of agility
 N - 2 potions of haste
 O - a potion of magic
 Q - a potion of brilliance
Miscellaneous
 b - a sack of spiders
Comestibles
 f - 18 rations
 v - 13 chunks of flesh


   Skills:
 + Level 9.6 Fighting
 + Level 10.3 Long Blades
 + Level 9.5(10.2) Axes
 + Level 4.8(7.8) Maces & Flails
 + Level 3.4(7.0) Polearms
 + Level 8.5 Armour
 + Level 8.1 Dodging
 + Level 1.8 Stealth
 + Level 12.9 Shields
 + Level 0.5 Evocations


You had 11 spell levels left.
You didn't know any spells.
Your spell library was empty.

Dungeon Overview and Level Annotations

Branches:
Dungeon (13/15)            Temple (0/1) D:4            Lair (0/6) D:8
 Vaults (0/5) D:13        Gauntlet (visited)
    Orc: D:9-12

Altars:
Cheibriados
Elyvilon
Gozag
Hepliaklqana
Kikubaaqudgha
Makhleb
Okawaru
Qazlal
Trog

Shops:
D:6 !   D:7 *?(*   D:9 ?


Innate Abilities, Weirdness & Mutations

You reflexively headbutt those who attack you in melee.
You have a pair of horns on your head.
You are partially covered in icy blue scales. (AC +2)
You are partially covered in large bone plates. (SH +4)
Your mind is acute. (Int +2)
Your flesh is cold resistant. (rC+)
Your muscles are strong. (Str +2)
You are occasionally teleported next to monsters.


Message History

You headbutt the minotaur. You block the minotaur's attack.
Welcome back to the Dungeon!
You block the kobold's attack.
There is an empty arch of ancient stone here.
You completely miss the kobold. You headbutt the kobold.
You kill the kobold!
You hit the minotaur.
The minotaur is lightly wounded.
The minotaur hits you!
* * * LOW HITPOINT WARNING * * *
The minotaur gores you but does no damage.
There is nothing on the other side of the stone arch.
You hit the minotaur but do no damage. You headbutt the minotaur.
The minotaur is lightly wounded.
The minotaur hits you!!
* * * LOW HITPOINT WARNING * * *
The minotaur closely misses you.
As you read the scroll of teleportation, it crumbles to dust.
You feel strangely unstable. The kobold hits you but does no damage.
The minotaur hits you!
You die...

#... #..#
#...##..# #
......# + # ....#
.# # ######..+ .#
# #...##..# ..# #
#.......##...## +
#.H............ #
#@K###..##..... #
######..# ..## #
+....#######
#....K.....#
##.........#
#...##........
.......##########
####.... ##...


You could see a minotaur and a kobold.

Vanquished Creatures
  A dire elephant (Gauntlet)
  3 vault guards (D:13)
  2 hydras (D:11)
  A two-headed ogre (D:11)
  A manticore (D:10)
  2 ugly things (D:10)
  2 elephants (Gauntlet)
  A centaur skeleton (D:11)
  3 trolls
  3 hornets (Gauntlet)
  Grinder (D:5)
  A wolf spider simulacrum (Gauntlet)
  2 hippogriffs
  Sigmund (D:4)
  2 wyverns
  2 centaur simulacra (Gauntlet)
  19 yaks
  Edmund (D:5)
  2 water moccasins
  A hydra simulacrum (Gauntlet)
  A porcupine (D:8)
  A sky beast (D:10)
  5 orc warriors
  4 black bears (D:8)
  8 ogres
  3 ice beasts
  A phantom (D:10)
  A necrophage (D:11)
  11 centaurs
  3 big kobolds
  2 gnoll sergeants
  8 bullfrogs
  Blork the orc (D:5)
  A water moccasin zombie (D:11)
  5 scorpions
  5 killer bees
  16 wights
  4 crimson imps
  A quasit (D:11)
  A wyvern simulacrum (Gauntlet)
  3 bullfrog zombies
  4 jellies
  4 orc priests
  9 hounds
  6 orc wizards
  A bullfrog skeleton (D:6)
  A gnoll shaman (D:8)
  3 iguanas
  6 worker ants
  A worker ant zombie (D:7)
  Robin (D:4)
  9 adders
  14 gnolls
  2 howler monkey skeletons
  4 shadow imps
  2 oozes (D:5)
  An adder zombie (D:8)
  3 adder skeletons
  3 worms
  A dart slug (D:2)
  6 leopard geckos
  52 orcs
  5 bats
  A bat zombie (D:9)
  19 goblins
  6 hobgoblins
  20 jackals
  2 ball pythons (D:1)
  A ball python zombie (D:3)
  20 frilled lizards
  5 giant cockroaches
  21 kobolds
  2 leopard gecko skeletons
  A quokka zombie (D:6)
  8 rats
  3 rat zombies (D:9)
  A plant (D:8)
384 creatures vanquished.

Vanquished Creatures (others)
  9 demonic plants (Gauntlet)
  3 fungi (D:8)
  2 plants
14 creatures vanquished.

Grand Total: 398 creatures vanquished

Notes
Turn   | Place    | Note
-------+----------+-------------------------------------------
     0 | D:1      | Marnok the Minotaur Fighter began the quest for the Orb.
     0 | D:1      | Reached XP level 1. HP: 19/19 MP: 0/0
   135 | D:1      | Reached XP level 2. HP: 26/27 MP: 1/1
   682 | D:2      | Reached XP level 3. HP: 32/33 MP: 2/2
   701 | D:2      | Reached skill level 4 in Shields
   908 | D:2      | Reached XP level 4. HP: 31/40 MP: 3/3
  1543 | D:3      | Reached skill level 1 in Dodging
  1629 | D:3      | Found a hazy altar of Hepliaklqana.
  1701 | D:3      | HP: 2/41 [orc priest/nerve-wracking pain (14)]
  1708 | D:3      | Reached XP level 5. HP: 9/47 MP: 4/4
  2047 | D:3      | Found an opulent altar of Gozag.
  2594 | D:4      | Reached skill level 5 in Axes
  2652 | D:4      | Reached XP level 6. HP: 51/55 MP: 5/5
  2668 | D:4      | Noticed Robin
  2678 | D:4      | Killed Robin
  2725 | D:4      | Reached skill level 5 in Fighting
  2726 | D:4      | Noticed Sigmund
  2734 | D:4      | Killed Sigmund
  2734 | D:4      | Reached skill level 5 in Armour
  2734 | D:4      | Reached XP level 7. HP: 31/61 MP: 6/6
  2982 | D:5      | Entered Level 5 of the Dungeon
  3081 | D:4      | Reached skill level 5 in Shields
  3105 | D:4      | Found an iron altar of Okawaru.
  3244 | D:4      | Found a staircase to the Ecumenical Temple.
  3622 | D:5      | Noticed Blork the orc
  3641 | D:5      | Killed Blork the orc
  3706 | D:5      | Reached XP level 8. HP: 69/69 MP: 7/7
  3805 | D:5      | Noticed Edmund
  3820 | D:5      | Killed Edmund
  4270 | D:6      | Noticed Grinder
  4279 | D:5      | Paralysed by Grinder for 4 turns
  4285 | D:5      | Killed Grinder
  4285 | D:5      | Reached skill level 6 in Shields
  4687 | D:6      | Reached skill level 1 in Stealth
  4687 | D:6      | Reached XP level 9. HP: 49/78 MP: 8/8
  4834 | D:6      | Reached skill level 1 in Long Blades
  4847 | D:6      | Got a jade-encrusted ring mail
  4858 | D:6      | Identified the +7 ring mail of Moadesuf {+Inv} (You found
                  | it on level 6 of the Dungeon)
  4919 | D:6      | Found Leufa's Distillery.
  4929 | D:6      | Bought a potion of might for 48 gold pieces
  4929 | D:6      | Bought a potion of curing for 36 gold pieces
  4929 | D:6      | Bought a potion of might for 48 gold pieces
  4929 | D:6      | Bought a potion of curing for 36 gold pieces
  5144 | D:6      | Found a stormy altar of Qazlal.
  5147 | D:6      | Found a snail-covered altar of Cheibriados.
  5172 | D:6      | Reached skill level 7 in Shields
  5341 | D:7      | Found Acser's Weapon Shoppe.
  5497 | D:7      | Found Acykas's Assorted Antiques.
  5500 | D:7      | Bought a potion of curing for 93 gold pieces
  5631 | D:7      | Found Cius's Magic Scroll Shoppe.
  5639 | D:7      | Bought a scroll of identify for 24 gold pieces
  5639 | D:7      | Bought a scroll of identify for 24 gold pieces
  5669 | D:7      | Found Xosh's Assorted Antiques.
  5724 | D:7      | Reached skill level 5 in Long Blades
  6042 | D:9      | Found a burning altar of Makhleb.
  6051 | D:8      | Found an iron altar of Okawaru.
  6141 | D:8      | Found a white marble altar of Elyvilon.
  6210 | D:8      | Reached XP level 10. HP: 73/86 MP: 9/9
  6216 | D:8      | Reached skill level 8 in Shields
  6235 | D:8      | Found a staircase to the Lair.
  6316 | D:8      | Reached skill level 5 in Dodging
  6916 | D:10     | Entered Level 10 of the Dungeon
  7153 | D:9      | Found an ancient bone altar of Kikubaaqudgha.
  7222 | D:9      | Found a bloodstained altar of Trog.
  7242 | D:9      | Found Xoacirch's Magic Scroll Shop.
  7251 | D:9      | Bought a scroll of identify for 28 gold pieces
  7251 | D:9      | Bought a scroll of identify for 28 gold pieces
  7251 | D:9      | Bought a scroll of teleportation for 42 gold pieces
  7251 | D:9      | Bought a scroll of identify for 28 gold pieces
  7260 | D:9      | Gained mutation: You have sharp toenails. [potion of
                  | mutation]
  7260 | D:9      | Gained mutation: You are partially covered in large bone
                  | plates. (SH +4) [potion of mutation]
  7260 | D:9      | Gained mutation: You are partially covered in icy blue
                  | scales. (AC +2) [potion of mutation]
  7260 | D:9      | Gained mutation: You are mostly covered in icy blue scales.
                  | (AC +3) [potion of mutation]
  7759 | D:9      | Reached skill level 9 in Shields
  7831 | D:10     | Reached skill level 10 in Shields
  7843 | D:10     | Lost mutation: You have sharp toenails. [potion of
                  | mutation]
  7843 | D:10     | Lost mutation: You are mostly covered in icy blue scales.
                  | (AC +3) [potion of mutation]
  7843 | D:10     | Gained mutation: Your mind is acute. (Int +2) [potion of
                  | mutation]
  7843 | D:10     | Gained mutation: Your muscles are strong. (Str +2) [potion
                  | of mutation]
  7843 | D:10     | Gained mutation: You are occasionally teleported next to
                  | monsters. [potion of mutation]
  7843 | D:10     | Gained mutation: Your flesh is cold resistant. (rC+)
                  | [potion of mutation]
  7880 | D:10     | Noticed a manticore
  7893 | D:10     | Killed a manticore
  8024 | D:10     | Reached XP level 11. HP: 58/95 MP: 10/10
  8089 | D:11     | Noticed a green ugly thing
  8089 | D:11     | Noticed a brown ugly thing
  8257 | D:10     | Killed a green ugly thing
  8280 | D:10     | Killed a brown ugly thing
  8331 | D:11     | Noticed an eight-headed hydra
  8345 | D:11     | Killed an eight-headed hydra
  8345 | D:11     | Reached skill level 10 in Long Blades
  8354 | D:11     | Reached skill level 11 in Shields
  8422 | D:11     | Reached skill level 1 in Polearms
  8427 | D:11     | Noticed a seven-headed hydra
  8512 | D:11     | Killed a seven-headed hydra
  8684 | D:11     | Noticed a two-headed ogre
  8696 | D:11     | Killed a two-headed ogre
  8696 | D:11     | Reached skill level 1 in Maces & Flails
  8717 | D:11     | Reached skill level 12 in Shields
  9036 | D:13     | Found a gate to the Vaults.
  9036 | D:13     | Noticed a vault guard
  9036 | D:13     | Noticed a vault guard
  9036 | D:13     | Noticed a vault guard
  9036 | D:13     | Noticed a vault guard
  9036 | D:13     | Noticed a vault guard
  9036 | D:13     | Noticed a vault guard
  9037 | D:13     | Noticed a vault guard
  9037 | D:13     | Noticed a vault guard
  9057 | D:13     | Killed a vault guard
  9057 | D:13     | Reached XP level 12. HP: 57/104 MP: 11/11
  9067 | D:13     | Killed a vault guard
  9088 | D:13     | Killed a vault guard
  9104 | D:13     | Found a gate leading to a gauntlet.
  9114 | Gauntlet | Entered a Gauntlet
  9114 | Gauntlet | Found a transporter.
  9114 | Gauntlet | Found a transporter.
  9221 | Gauntlet | Found a transporter.
  9221 | Gauntlet | Found a transporter.
  9232 | Gauntlet | Found a transporter.
  9247 | Gauntlet | Paralysed by a hornet for 1 turns
  9262 | Gauntlet | Paralysed by a hornet for 1 turns
  9291 | Gauntlet | Found a transporter.
  9293 | Gauntlet | Found a large runed translucent door.
  9294 | Gauntlet | Found a large runed translucent door.
  9295 | Gauntlet | Found a large runed translucent door.
  9295 | Gauntlet | Found a large runed translucent door.
  9295 | Gauntlet | Found a runed translucent door.
  9295 | Gauntlet | Found a runed translucent door.
  9296 | Gauntlet | Found a large runed translucent door.
  9297 | Gauntlet | Found a large runed translucent door.
  9298 | Gauntlet | Found a large runed translucent door.
  9298 | Gauntlet | Found a large runed translucent door.
  9299 | Gauntlet | Found a large runed translucent door.
  9299 | Gauntlet | Found a large runed translucent door.
  9299 | Gauntlet | Found a large runed translucent door.
  9299 | Gauntlet | Found a large runed translucent door.
  9300 | Gauntlet | Found a large runed translucent door.
  9300 | Gauntlet | Found a large runed translucent door.
  9301 | Gauntlet | Found a large runed translucent door.
  9301 | Gauntlet | Found a large runed translucent door.
  9305 | Gauntlet | Found a runed translucent gate.
  9305 | Gauntlet | Found a runed translucent gate.
  9305 | Gauntlet | Found a runed translucent gate.
  9310 | Gauntlet | Found a transporter.
  9343 | Gauntlet | Got a faintly glowing cloak
  9354 | Gauntlet | Identified the +3 cloak of Card Tricks {rElec MR+} (You
                  | found it in a Gauntlet)
  9362 | Gauntlet | Found a transporter.
  9365 | Gauntlet | Found a transporter.
  9371 | Gauntlet | Noticed a dire elephant
  9373 | Gauntlet | Found a transporter.
  9378 | Gauntlet | Found a transporter.
  9381 | Gauntlet | Got a pair of heavily runed gloves
  9410 | Gauntlet | Killed a dire elephant
  9434 | Gauntlet | Identified the +1 pair of gloves "Dapuluro" {*Corrode rC+
                  | rN+++ MR+} (You found it in a Gauntlet)
  9543 | Gauntlet | Noticed a minotaur
  9560 | Gauntlet | Identified the Volume of the Sinister Snowflakes
  9561 | Gauntlet | Found the cursed +13 scythe of Curses {drain, *Curse}
  9565 | D:13     | HP: 3/106 [minotaur (18)]
  9566 | D:13     | Mangled by a minotaur

Levels and vault maps discovered:
D:1:      giann_forest_graveyard, layout_rooms
D:2:      layout_basic, first_ration, minmay_lizard_king
D:3:      layout_basic, marbit_many_paths, lemuel_doored_altar,
          serial_bayou_lake_a
D:4:      layout_basic, okawaru_ov_weapons_minmay, temple_statues,
          minmay_increasing_density, uniq_robin, uniq_sigmund
D:5:      layout_gridville, uniq_blork_the_orc, uniq_edmund
D:6:      layout_cave_pools, minitemple, serial_shops, shop,
          kennysheep_generic_room_10, uniq_grinder
D:7:      layout_loops_cross, serial_shops, nicolae_shop_stone, shop,
          shop_fountains, kennysheep_mini_moat, minmay_misc_feat_tiny
D:8:      layout_loops_ring, elyvilon_altar_4, grunt_lair_entry_orc_guard_hut,
          basic_altar
D:9:      layout_cave_pods, lemuel_zombie_altar_kikubaaqudgha,
          nicolae_overflow_crystal_walls, overflow_temple_1_default,
          serial_shops, nicolae_shop_stone
D:10:     layout_cross
D:11:     layout_rooms
D:12:     layout_cave_pods, minmay_orc_entry_guard_dogs
D:13:     layout_gridville, erik_vaults_2, gauntlet_entry_generic,
          grunt_ogre_cave, drop_trap, einodemon_barbed_minivault

Skill      XL: |  1  2  3  4  5  6  7  8  9 10 11 12 |
---------------+-------------------------------------+-----
Armour         | 4 5 6 7 8 |  8.5
Axes           | 3 4 5 6 7 9 |  9.5
Fighting       | 4 5 6 7 8 9 |  9.6
Shields        | 4 5 6 7 10 12 | 12.9
Dodging        | 1 2 3 4 6 7 8 |  8.1
Stealth        | 1 |  1.8
Long Blades    | 6 9 10 | 10.3
Polearms       | 2 3 |  3.4
Maces & Flails | 3 4 |  4.8
Evocations     | |  0.5

Action                   |  1- 3 |  4- 6 |  7- 9 | 10-12 || total
-------------------------+-------+-------+-------+-------++-------
Melee: War axe           |   138 |   130 |   150 |       ||   418
       Headbutt          |    15 |    12 |    58 |   143 ||   228
       Scimitar          |       |       |   146 |   252 ||   398
       Mace              |       |       |       |   179 ||   179
       Spear             |       |       |       |   143 ||   143
       Hand axe          |       |       |       |     8 ||     8
 Abil: Evoke Invisibilit |       |       |       |     1 ||     1
  Use: Potion            |       |    10 |     2 |    12 ||    24
       Scroll            |       |     3 |     2 |    14 ||    19
  Eat: Chunk             |       |     6 |     9 |     7 ||    22
       Ration            |       |       |     1 |     2 ||     3
Armor: Scale mail        |    73 |    53 |    23 |       ||   149
       Ring mail         |       |       |    98 |   237 ||   335
Dodge: Dodged            |    45 |    32 |   163 |   433 ||   673
Block: Shield            |    87 |    68 |   181 |   653 ||   989
       Rpst.: Scimitar   |       |       |    17 |    53 ||    70

Table legend:
 A = Non-vault XP
 B = Vault XP
 C = Vault XP percentage of total XP
 D = Non-vault monster count
 E = Vault monster count
 F = Vault count percentage of total count
                 A         B        C        D         E       F
            +---------+---------+-------+---------+---------+-------
      Total |   19900 |    8389 |  29.7 |     330 |      53 |  13.8
            +---------+---------+-------+---------+---------+-------
        D:1 |      28 |       0 |   0.0 |      18 |       0 |   0.0
        D:2 |      78 |      15 |  16.1 |      28 |      13 |  31.7
        D:3 |     150 |       1 |   0.7 |      31 |       1 |   3.1
        D:4 |     529 |     295 |  35.8 |      26 |      13 |  33.3
        D:5 |     984 |     526 |  34.8 |      26 |       3 |  10.3
        D:6 |    1049 |       0 |   0.0 |      20 |       0 |   0.0
        D:7 |     641 |       0 |   0.0 |      18 |       0 |   0.0
        D:8 |    1499 |     671 |  30.9 |      37 |       5 |  11.9
        D:9 |    3127 |       5 |   0.2 |      37 |       4 |   9.8
       D:10 |    3686 |       0 |   0.0 |      32 |       0 |   0.0
       D:11 |    7866 |       0 |   0.0 |      53 |       0 |   0.0
       D:12 |      32 |       0 |   0.0 |       1 |       0 |   0.0
       D:13 |     231 |    3006 |  92.9 |       3 |       3 |  50.0
   Gauntlet |       0 |    3870 | 100.0 |       0 |      11 | 100.0
            +---------+---------+-------+---------+---------+-------
